 Dungeon Crawl Stone Soup version 0.31-a0-1183-gd88bbb8b4d (webtiles) character file.

Game seed: 18240382948503280481

3488 qw the Skirmisher (level 10, -9/63 HPs)
             Began as a Gargoyle Hunter on Dec 11, 2023.
             Was a Believer of Okawaru.
             Mangled by a yak (12 damage)
             ... on level 8 of the Dungeon.
             The game lasted 00:02:19 (6262 turns).

qw the Skirmisher (Gargoyle Hunter)                 Turns: 6262, Time: 00:02:19

Health: -9/63      AC: 24    Str: 15    XL:     10   Next: 7%
Magic:  13/13      EV: 11    Int: 10    God:    Okawaru [**....]
Gold:   133        SH:  0    Dex: 17    Spells: 9/9 levels left

rFire   . . .        f - +3 longbow (heavy)
rCold   + . .        (shield currently unavailable)
rNeg    + + .        l - +2 swamp dragon scales
rPois   inf          s - +2 helmet
rElec   +            o - +0 cloak
rCorr   .            h - +0 pair of gloves
SInv    .            p - +0 pair of boots
Will    .....        (no amulet)
Stlth   +            d - ring of protection from cold
HPRegen 0.30/turn    n - ring of positive energy
MPRegen 0.13/turn

%: no passive effects
@: no status effects
A: sickness immunity, AC +7, negative energy resistance 1, electricity
resistance, torment resistance 1, petrification resistance
a: Renounce Religion, Heroism


You were on level 8 of the Dungeon.
You worshipped Okawaru.
Okawaru was pleased with you.
You visited 1 branch of the dungeon, and saw 8 of its levels.
You also visited: Ossuary.

You collected 511 gold pieces.
You spent 378 gold pieces at shops.


Innate Abilities, Weirdness & Mutations

You are immune to sickness and miasma.
Your stone body is resilient. (AC +7)
You are immune to poison.
You resist negative energy. (rN+)
You are resistant to electric shocks. (rElec)
You are resistant to unholy torment.
You are immune to petrification.


   Skills:
 - Level 7.4 Fighting
 - Level 11.1 Ranged Weapons
 - Level 5.3 Armour
 + Level 2.7 Dodging
 - Level 1.1 Stealth
 - Level 4.0 Invocations


You had 9 spell levels left.
You didn't know any spells.
Your spell library was empty.

Inventory:

Hand Weapons
 f - a +3 heavy longbow (weapon)
Armour
 h - a +0 pair of gloves (worn)
 l - +2 swamp dragon scales (worn)
 o - a +0 cloak (worn)
 p - a +0 pair of boots (worn)
 s - a +2 helmet (worn)
Jewellery
 d - a ring of protection from cold (left hand)
 n - a ring of positive energy (right hand)
Wands
 k - a wand of mindburst (14)
Potions
 b - 5 potions of curing
 g - a potion of resistance
 i - 3 potions of might
 j - 2 potions of cancellation
 m - 2 potions of mutation
 r - 4 potions of enlightenment

Dungeon Overview and Level Annotations

Branches:
Dungeon (8/15)             Temple (0/1) D:7         Ossuary (visited)
   Lair: D:8-11

Altars:
Fedhas
Gozag
Makhleb
Okawaru
Qazlal
Ru
Vehumet
Zin

Shops:
D:3 *(   D:7 !

Annotations:
D:8 exclusion: hell hound, Jeremiah


Message History

The orc hits you but does no damage.
You shoot an arrow. The arrow hits the orc!!
You kill the orc!
The butterfly disappears in a burst of colours!
Jeremiah cries, "Fearful master, protect me!"
Something smites you!
6253 ||| READING scroll of teleportation.
As you read the scroll of teleportation, it crumbles to dust.
You feel strangely unstable.
The butterfly disappears in a burst of colours!
Your surroundings suddenly seem different. 3 goblins come into view.
Found a spear.
Found an escape hatch in the floor.
The goblin shouts!
You hear a bellow!
A yak comes into view. x2
6256 ||| RETREEAATING.
The goblin shouts!
The yak bellows!
You hear a bellow!
6257 ||| STILL RETREEAATING.
The fire elemental hits you. The fire elemental barely misses you.
You shoot an arrow. The arrow hits the fire elemental!!
The fire elemental is severely damaged.
The fire elemental hits you. The fire elemental burns you!
The fire elemental barely misses you.
You shoot an arrow.
The arrow closely misses the fire elemental.
The fire elemental misses you. x2
You shoot an arrow. The arrow hits the fire elemental!
You destroy the fire elemental!
Okawaru accepts your kill.
A yak comes into view.
Your Armour skill increases to level 5!
You shoot an arrow. The arrow barely misses the yak.
The yak bellows!
The arrow hits the yak!
The yak is heavily wounded.
You hear the steady creaking of a portcullis very nearby.
You shoot an arrow. The arrow hits the yak.
The yak is lightly wounded.
The yak gores you!
You die...

######<# #.#
#.#.....#.###
#.# #.#
#.###........
... ..# #.#
#........
...## ### #.#
#........
####.
#........ ###.
#)....... ...
#........
#..###.#######
#........
...Y...YY@...#
#........
~~~~.#.#####.#
#.#...... ..)
... #.#.....0
. g~.##
#.#..b.0.
.g.~.
#.###E### ~~~~
#.# #.# ...
#.# #.# ##. #+
#.# #.#


You could see 3 yaks.

Vanquished Creatures
  Maurice (D:7)
  Maggie (D:7)
  3 fire bats (D:8)
  A fire elemental (D:8)
  A water moccasin (D:6)
  An ice beast (D:6)
  3 black bears
  An ogre (D:5)
  2 phantoms
  A kobold brigand (D:7)
  2 elf zombies (Ossuary)
  3 bullfrogs
  5 scorpions
  3 killer bees (D:8)
  A howler monkey (D:5)
  A hound (D:6)
  A human zombie (Ossuary)
  2 jellies (D:5)
  3 orc priests
  5 iguanas
  A sleepcap (D:6)
  4 orc wizards
  5 mummies
  7 adders
  4 gnolls (D:3)
  A white imp (D:6)
  3 ufetubi
  An adder zombie (Ossuary)
  2 worms (D:3)
  A dart slug (D:4)
  18 orcs
  3 bats
  5 endoplasms
  4 giant cockroaches
  6 goblins
  5 hobgoblins
  7 ball pythons
  2 frilled lizards
  4 gnoll zombies (Ossuary)
  2 goblin zombies (Ossuary)
  A hobgoblin zombie (Ossuary)
  12 kobolds
  7 rats
  A rat zombie (Ossuary)
147 creatures vanquished.

Vanquished Creatures (others)
  A goblin (D:8)
1 creature vanquished.

Grand Total: 148 creatures vanquished

Notes
Turn   | Place    | Note
-------+----------+-------------------------------------------
     0 | D:1      | qw the Gargoyle Hunter began the quest for the Orb.
     0 | D:1      | Reached XP level 1. HP: 12/12 MP: 1/1
     0 | D:1      | 0 ||| qw: Version: 0.3-a-106-g2cfff9e
     0 | D:1      | 0 ||| qw: Game counter: 2107
     0 | D:1      | 0 ||| qw: Melee chars always use a shield: true
     0 | D:1      | 0 ||| qw: God list: Okawaru
     0 | D:1      | 0 ||| qw: Allow faded altars: false
     0 | D:1      | 0 ||| qw: Do Orc after clearing Dungeon:15 true
     0 | D:1      | 0 ||| qw: Do second Lair branch before Depths: true
     0 | D:1      | 0 ||| qw: Lair rune preference: random
     0 | D:1      | 0 ||| qw: Goals: Normal, Save, Zot:1-4, Win
     0 | D:1      | 0 ||| PLANNING D:1-11
   340 | D:1      | Reached XP level 2. HP: 17/17 MP: 2/2
   748 | D:1      | 748 ||| DROPPING scarf of harm.
   749 | D:1      | 749 ||| UPGRADING to ring of protection from cold.
   750 | D:1      | 750 ||| READING 2 scrolls labelled GAMUXK KICRAU.
   755 | D:1      | 755 ||| READING 2 scrolls labelled ZALETAO ONEIH.
   755 | D:1      | 755 ||| IDENTIFYING metallic brown potion
   756 | D:1      | 756 ||| DROPPING scroll of butterflies.
   757 | D:1      | 757 ||| DROPPING potion of lignification.
   794 | D:2      | 794 ||| STAIRDANCE
   810 | D:2      | Reached XP level 3. HP: 19/21 MP: 3/3
   830 | D:2      | Reached skill level 5 in Ranged Weapons
  1352 | D:2      | 1352 ||| READING 2 scrolls of identify.
  1352 | D:2      | 1352 ||| IDENTIFYING grey potion
  1353 | D:2      | 1353 ||| READING scroll of identify.
  1353 | D:2      | 1353 ||| IDENTIFYING inky potion
  1354 | D:2      | 1354 ||| READING scroll labelled DEUNNU NELLAIM.
  1355 | D:2      | 1355 ||| READING scroll labelled BICAHU WUYWANY.
  1355 | D:2      | 1355 ||| BRANDING +0 shortbow.
  1356 | D:2      | 1356 ||| READING scroll labelled GUDAIZX ANAOJ.
  1356 | D:2      | 1356 ||| ENCHANTING +0 leather armour.
  1357 | D:2      | 1357 ||| READING scroll labelled UROPE AFYT.
  1358 | D:2      | 1358 ||| READING scroll labelled DUEXTA HIJAJUP.
  1358 | D:2      | Identified a scroll of acquirement
  1358 | D:2      | 1358 ||| 1358 ||| Offered +0 pair of boots of flying
  1358 | D:2      | 1358 ||| 1358 ||| Offered +2 heavy longbow
  1358 | D:2      | 1358 ||| 1358 ||| Offered staff of fire
  1358 | D:2      | 1358 ||| 1358 ||| Offered 888 gold pieces
  1358 | D:2      | 1358 ||| ACQUIRING +2 heavy longbow
  1358 | D:2      | Acquired a +2 heavy longbow
  1360 | D:2      | 1360 ||| SWAPPING to +2 heavy longbow.
  1361 | D:2      | 1361 ||| DROPPING +0 shortbow of freezing.
  1362 | D:2      | 1362 ||| DRINKING 2 clear potions.
  1363 | D:2      | 1363 ||| DROPPING potion of attraction.
  1385 | D:3      | Reached skill level 3 in Fighting
  1503 | D:3      | Found Jaluxuw's General Store.
  1511 | D:3      | 1511 ||| BUYING potion of curing (30 gold).
  1511 | D:3      | Bought a potion of curing for 30 gold pieces
  1511 | D:3      | 1511 ||| BUYING potion of might (40 gold).
  1511 | D:3      | Bought a potion of might for 40 gold pieces
  1511 | D:3      | 1511 ||| SHOPLISTING ring of ice (250 gold, have 88).
  1542 | D:3      | Reached XP level 4. HP: 28/28 MP: 4/4
  1622 | D:3      | Found Asoeck's Antique Weapon Emporium.
  1748 | D:3      | 1748 ||| RETREEAATING.
  1751 | D:3      | 1751 ||| Stepping ~*~*~tactically~*~*~ (retreating).
  1752 | D:3      | 1752 ||| Stepping ~*~*~tactically~*~*~ (retreating).
  1753 | D:3      | 1753 ||| Stepping ~*~*~tactically~*~*~ (retreating).
  1766 | D:3      | 1766 ||| RETREEAATING.
  1777 | D:3      | Found a faded altar of an unknown god.
  1814 | D:3      | Found a radiant altar of Vehumet.
  1950 | D:3      | 1950 ||| READING scroll labelled OGAFIPP VIEDI.
  1951 | D:3      | 1951 ||| DRINKING 2 metallic grey potions.
  1952 | D:3      | 1952 ||| DRINKING 2 fizzy pink potions.
  1981 | D:4      | Noticed a scorpion
  1982 | D:4      | Killed a scorpion
  1983 | D:4      | Reached skill level 6 in Ranged Weapons
  1983 | D:4      | Reached XP level 5. HP: 32/32 MP: 5/5
  2267 | D:4      | Found an opulent altar of Gozag.
  2307 | D:4      | You fall into a shaft and drop 2 floors!
  2332 | D:6      | Reached XP level 6. HP: 37/38 MP: 6/6
  2353 | D:6      | Noticed an ice beast
  2356 | D:6      | Killed an ice beast
  2363 | D:6      | Noticed a black bear
  2370 | D:6      | Killed a black bear
  2371 | D:6      | Reached skill level 7 in Ranged Weapons
  2371 | D:6      | Reached XP level 7. HP: 33/43 MP: 7/7
  2444 | D:6      | 2444 ||| UPGRADING to +0 pair of gloves.
  2449 | D:6      | 2449 ||| UPGRADING to +0 helmet.
  2454 | D:6      | 2454 ||| READING scroll of identify.
  2454 | D:6      | 2454 ||| IDENTIFYING dark potion
  2461 | D:5      | Entered Level 5 of the Dungeon
  2464 | D:5      | Reached skill level 1 in Armour
  3088 | D:4      | 3088 ||| READING scroll labelled WEFER IKLEGYEDGH.
  3089 | D:4      | 3089 ||| READING scroll labelled YSOER WOROADE.
  3090 | D:4      | 3090 ||| DRINKING 3 metallic blue potions.
  3091 | D:4      | 3091 ||| DROPPING 2 potions of degeneration.
  3148 | D:5      | Found a sacrificial altar of Ru.
  3299 | D:5      | Reached skill level 8 in Ranged Weapons
  3405 | D:5      | Found a glowing silver altar of Zin.
  3405 | D:5      | Noticed an angel
  3439 | D:5      | Reached XP level 8. HP: 48/49 MP: 8/8
  3815 | D:5      | Found an iron altar of Okawaru.
  3816 | D:5      | 3816 ||| PLANNING OKAWARU WORSHIP
  3905 | D:5      | 3905 ||| UPGRADING to +0 cloak.
  3910 | D:5      | 3910 ||| UPGRADING to +0 pair of boots.
  3915 | D:5      | 3915 ||| UPGRADING to ring of positive energy.
  3916 | D:5      | 3916 ||| READING scroll of identify.
  3916 | D:5      | 3916 ||| IDENTIFYING sapphire potion
  3917 | D:5      | 3917 ||| READING scroll labelled SUIJAAGIOT.
  3917 | D:5      | 3917 ||| ENCHANTING +2 heavy longbow.
  3918 | D:5      | 3918 ||| DROPPING potion of brilliance.
  3964 | D:5      | Became a worshipper of Warmaster Okawaru
  3965 | D:5      | 3965 ||| PLANNING D:1-11
  4109 | D:6      | Found a blossoming altar of Fedhas.
  4113 | D:6      | Reached skill level 9 in Ranged Weapons
  4370 | D:6      | Reached skill level 6 in Fighting
  4576 | D:6      | 4576 ||| UPGRADING to +0 leather armour of willpower.
  4586 | D:6      | 4586 ||| UPGRADING to +2 helmet.
  4596 | D:6      | 4596 ||| DROPPING +0 helmet.
  4597 | D:6      | 4597 ||| READING 2 scrolls of identify.
  4597 | D:6      | 4597 ||| IDENTIFYING brown potion
  4598 | D:6      | 4598 ||| READING scroll of identify.
  4598 | D:6      | 4598 ||| IDENTIFYING orange potion
  4599 | D:6      | 4599 ||| READING scroll labelled JAOTOA BITYPLOMIPT.
  4700 | D:6      | 4700 ||| DROPPING potion of ambrosia.
  4724 | D:7      | 4724 ||| PLANNING OSSUARY
  4786 | D:7      | Found a staircase to the Ecumenical Temple.
  4813 | D:7      | Reached * piety under Okawaru
  4822 | D:7      | Reached skill level 1 in Invocations
  4836 | D:7      | Reached XP level 9. HP: 55/55 MP: 8/10
  4876 | D:7      | Noticed Maggie
  4880 | D:7      | Killed Maggie
  4881 | D:7      | Reached skill level 10 in Ranged Weapons
  4881 | D:7      | Reached skill level 3 in Invocations
  5077 | D:7      | Found Jijimuf's Distillery.
  5086 | D:7      | 5086 ||| BUYING 2 potions of enlightenment (140 gold).
  5086 | D:7      | Bought 2 potions of enlightenment for 140 gold pieces
  5086 | D:7      | 5086 ||| BUYING potion of curing (42 gold).
  5086 | D:7      | Bought a potion of curing for 42 gold pieces
  5086 | D:7      | 5086 ||| BUYING potion of heal wounds (70 gold).
  5086 | D:7      | Bought a potion of heal wounds for 70 gold pieces
  5086 | D:7      | 5086 ||| BUYING potion of might (56 gold).
  5086 | D:7      | Bought a potion of might for 56 gold pieces
  5184 | D:7      | Found a stormy altar of Qazlal.
  5206 | D:7      | Found a sand-covered staircase.
  5208 | D:7      | 5208 ||| DROPPING +1 leather armour.
  5209 | D:7      | 5209 ||| UPGRADING to +0 swamp dragon scales.
  5219 | D:7      | 5219 ||| DROPPING +0 leather armour of willpower.
  5225 | Ossuary  | Entered an ossuary
  5237 | Ossuary  | Reached skill level 3 in Armour
  5389 | Ossuary  | 5389 ||| READING 2 scrolls of enchant armour.
  5389 | Ossuary  | 5389 ||| ENCHANTING +0 swamp dragon scales.
  5390 | Ossuary  | 5390 ||| READING scroll of enchant armour.
  5390 | Ossuary  | 5390 ||| ENCHANTING +1 swamp dragon scales.
  5414 | Ossuary  | 5414 ||| READING 2 scrolls of identify.
  5414 | Ossuary  | 5414 ||| IDENTIFYING 2 coppery potions
  5415 | Ossuary  | 5415 ||| READING scroll of identify.
  5415 | Ossuary  | 5415 ||| IDENTIFYING scroll labelled SIGICEURPHA
  5416 | Ossuary  | 5416 ||| READING 2 scrolls labelled GUIRUFFARA.
  5417 | Ossuary  | 5417 ||| DROPPING scroll of torment.
  5418 | Ossuary  | 5418 ||| DROPPING scroll of fog.
  5428 | D:7      | 5428 ||| PLANNING D:1-11
  5449 | D:7      | Noticed Maurice
  5455 | D:7      | Something stole 111 gold
  5459 | D:7      | Killed Maurice
  5459 | D:7      | Reached ** piety under Okawaru
  5877 | D:8      | 5877 ||| RETREEAATING.
  5883 | D:8      | 5883 ||| Stepping ~*~*~tactically~*~*~ (retreating).
  5884 | D:8      | 5884 ||| Stepping ~*~*~tactically~*~*~ (retreating).
  5885 | D:8      | 5885 ||| Stepping ~*~*~tactically~*~*~ (retreating).
  5886 | D:8      | 5886 ||| Stepping ~*~*~tactically~*~*~ (retreating).
  5887 | D:8      | 5887 ||| Stepping ~*~*~tactically~*~*~ (retreating).
  5890 | D:8      | Reached skill level 11 in Ranged Weapons
  5891 | D:8      | HP: 11/57 [fire elemental (5)]
  5892 | D:8      | 5892 ||| READING 5 scrolls of teleportation.
  5893 | D:8      | 5893 ||| DRINKING 2 potions of heal wounds.
  5894 | D:8      | Found a burning altar of Makhleb.
  5896 | D:8      | Reached XP level 10. HP: 32/63 MP: 13/13
  5898 | D:8      | HP: 13/63 [killer bee (5)]
  5899 | D:8      | 5899 ||| READING 4 scrolls of teleportation.
  5900 | D:8      | 5900 ||| DRINKING potion of heal wounds.
  6008 | D:8      | Noticed Jeremiah
  6072 | D:8      | HP: 6/63 [Jeremiah/divine providence (12)]
  6073 | D:8      | 6073 ||| READING 3 scrolls of teleportation.
  6084 | D:8      | 6084 ||| READING 2 scrolls of teleportation.
  6252 | D:8      | HP: 6/63 [Jeremiah/divine providence (16)]
  6253 | D:8      | 6253 ||| READING scroll of teleportation.
  6256 | D:8      | 6256 ||| RETREEAATING.
  6257 | D:8      | 6257 ||| STILL RETREEAATING.
  6258 | D:8      | HP: 1/63 [fire elemental (7)]
  6262 | D:8      | Mangled by a yak

Levels and vault maps discovered:
D:1:      lemuel_arrival_tunnels, layout_loops_ring, minivault_14,
          minmay_tromino_i4
D:2:      layout_basic
D:3:      layout_basic, vehumet_crystals, serial_shops,
          nicolae_shop_back_alley_shop, shop, basic_ecumenical_altar,
          kennysheep_doodads
D:4:      layout_loops_corners, lemuel_coloured_pillars_altar, serial_rivers,
          chequers_serial_rivers_micro_e, chequers_serial_rivers_micro_d,
          chequers_serial_rivers_room_b, chequers_serial_rivers_room_a,
          eino_small_chamber_without_monster
D:5:      layout_basic, lemuel_tele_altar, mainiacjoe_overflow_paths, zin_angel,
          st_stairs_6, minmay_quadrilaterals
D:6:      minmay_skewed_foursquare, layout_basic, lemuel_round_altar,
          serial_curves, eino_curves_01, eino_curves_02
D:7:      layout_basic, kennysheep_little_box, minmay_temple_entry_glassed_door,
          serial_shops, shop, gup_ossuary_entry_pyramid, uniq_maggie,
          uniq_maurice
D:8:      layout_basic, mainiacjoe_overflow_24_doors,
          mainiacjoe_overflow_chevrons, enter_bailey_5, hangedman_incinerator,
          uniq_erica, uniq_jeremiah

Skill      XL: |  1  2  3  4  5  6  7  8  9 10 |
---------------+-------------------------------+-----
Ranged Weapons | 5 6 7 8 9 11 | 11.1
Fighting       | 3 4 5 6 7 |  7.4
Armour         | 1 2 4 5 |  5.3
Dodging        | 2 |  2.7
Invocations    | 1 4 |  4.0
Stealth        | |  1.1

Action                     |  1- 3 |  4- 6 |  7- 9 | 10-12 || total
---------------------------+-------+-------+-------+-------++-------
   Fire: Shortbow          |   105 |       |       |       ||   105
         Longbow           |    11 |    38 |   200 |    25 ||   274
    Use: Scroll            |     9 |     1 |    14 |     4 ||    28
         Potion            |     1 |     2 |     2 |     1 ||     6
 Armour: Leather armour    |    22 |    10 |    59 |       ||    91
         Swamp dragon scal |       |       |   184 |    53 ||   237
  Dodge: Dodged            |    32 |     9 |   200 |    46 ||   287

Table legend:
 A = Non-vault XP
 B = Vault XP
 C = Vault XP percentage of total XP
 D = Non-vault monster count
 E = Vault monster count
 F = Vault count percentage of total count
                 A         B        C        D         E       F
            +---------+---------+-------+---------+---------+-------
      Total |    2690 |    2293 |  46.0 |     112 |      35 |  23.8
            +---------+---------+-------+---------+---------+-------
        D:1 |      18 |       6 |  25.0 |      12 |       4 |  25.0
        D:2 |      34 |       0 |   0.0 |      16 |       0 |   0.0
        D:3 |      97 |       0 |   0.0 |      16 |       0 |   0.0
        D:4 |     164 |       0 |   0.0 |      15 |       0 |   0.0
        D:5 |     571 |     158 |  21.7 |      17 |       5 |  22.7
        D:6 |     921 |      96 |   9.4 |      15 |       3 |  16.7
        D:7 |     698 |     901 |  56.3 |      17 |       3 |  15.0
        D:8 |     187 |     812 |  81.3 |       4 |       4 |  50.0
    Ossuary |       0 |     320 | 100.0 |       0 |      16 | 100.0
            +---------+---------+-------+---------+---------+-------
